Map: King Sejong Station LE

Players

BillyOnslaht - Winner!

  • Race: Terran Terran
  • League: Gold
  • Spawn Location: 5:00

Fropez

  • Race: Protoss Protoss
  • League: Gold
  • Spawn Location: 11:00

VOD

Have the link to the VOD?

Description

Time

  • Played on: Nov. 15, 2016, 12:56 p.m.
  • Length: 12:39
Show
View Real Time Build Order
Export as new Build Order

BillyOnslaht Terran - Winner!

Build Orders: MMM Bio 

Get SALT Encoding   

  12  0:01  SCV  
  13  0:13  SCV  
  14  0:21  Supply Depot  
  14  0:25  SCV  
  15  0:32  Refinery  
  16  0:42  SCV  
  16  0:47  Barracks  
  16  0:59  SCV  
  17  1:10  Barracks  
  17  1:13  SCV  
  18  1:22  Refinery  
  18  1:26  SCV  
  19  1:36  Reaper  
  20  1:42  Barracks  
  20  1:49  Orbital Command  
  20  2:00  Reaper  
  21  2:11  Factory  
  21  2:15  SCV  
  22  2:19  Reaper  
  23  2:30  Barracks Reactor  
  23  2:42  Supply Depot x2  
  23  2:51  SCV  
  23  2:58  Barracks Tech Lab  
  23  3:02  Factory Reactor  
  24  3:10  Starport  
  24  3:12  SCV  
  25  3:21  Stimpack  
  25  3:24  SCV  
  26  3:29  Marine x2  
  26  3:31  Marauder  
  29  3:34  Barracks Reactor  
  29  3:36  SCV  
  29  3:39  Widow Mine x2  
  34  3:52  Starport Reactor, Barracks  
  34  3:58  Marine x2  
  36  4:04  Supply Depot  
  36  4:28  Factory Tech Lab  
  36  4:37  Marine  
  37  4:39  Marine, Command Center  
  37  4:43  Barracks Tech Lab  
  38  4:48  Medivac  
  40  4:55  Medivac  
  44  5:14  Marauder x2  
  44  5:15  Combat Shields  
  44  5:18  Marine  
  44  5:20  Marine  
  48  5:22  Liberator  
  48  5:24  Marine  
  48  5:28  Concussive Shells  
  49  5:30  Marine  
  53  5:49  Supply Depot  
  53  5:55  Orbital Command  
  53  6:03  SCV  
  54  6:12  Marine  
  54  6:13  Marine x2  
  54  6:14  Marine  
  54  6:15  SCV  
  54  6:17  Marauder  
  61  6:22  Marauder  
  63  6:25  Medivac  
  65  6:44  SCV x2  
  67  6:49  Marine x4  
  67  6:50  Marauder  
  67  6:51  Marauder  
  75  6:56  Siege Tank  
  78  7:02  Supply Depot  
  78  7:24  Marine x3  
  78  7:29  Supply Depot  
  81  7:30  Supply Depot  
  81  7:32  Supply Depot  
  81  7:33  SCV x2  
  81  7:35  Barracks  
  83  7:37  Barracks  
  83  7:48  SCV  
  83  7:49  SCV  
  85  7:55  Engineering Bay  
  85  8:00  SCV  
  85  8:01  SCV  
  85  8:04  Marine x3  
  85  8:05  Marine  
  91  8:07  Marauder x2  
  91  8:12  Medivac x2  
  99  8:14  Siege Tank  
  102  8:21  Terran Infantry Weapons Level 1  
  102  8:24  Barracks Reactor  
  102  8:25  Barracks Reactor  
  102  8:32  Marauder  
  102  8:33  Marine x4, Marauder  
  110  8:44  Supply Depot  
  110  8:46  Supply Depot  
  110  8:51  Marine x4  
  110  8:55  Medivac  
  116  8:59  Widow Mine  
  118  9:16  Marine x2  
  118  9:17  Marine x2  
  120  9:18  Marine x4  
  120  9:19  Marine  
  120  9:21  Marauder  
  129  9:26  Viking  
  131  9:31  Supply Depot  
  131  9:33  SCV  
  131  9:34  Marine x3  
  131  9:35  Marine  
  131  9:37  Marauder  
  131  9:38  SCV, Refinery  
  137  10:11  SCV x2  
  139  10:17  Marine x2  
  139  10:18  Marine  
  142  10:39  Marine x2  
  134  10:49  SCV x2  
  136  10:52  Refinery  
  136  11:04  Marine x6, Command Center  
  136  11:05  Marine x3  
  136  11:06  Marauder  
  136  11:08  Command Center  
  147  11:22  Marine x3  
  147  11:23  Marauder  
  123  12:14  Marine x6  
  123  12:15  Marine x4  
Show
View Real Time Build Order
Export as new Build Order

Fropez Protoss 

Build Orders:  

Get SALT Encoding   

  12  0:01  Probe (Chrono Boost)  
  13  0:12  Probe (Chrono Boost)  
  14  0:22  Probe (Chrono Boost)  
  14  0:25  Pylon  
  15  0:36  Assimilator  
  15  0:43  Probe (Chrono Boost)  
  15  0:46  Gateway  
  16  0:54  Probe (Chrono Boost)  
  17  1:05  Probe (Chrono Boost)  
  17  1:07  Gateway  
  18  1:15  Probe (Chrono Boost)  
  19  1:26  Probe (Chrono Boost)  
  19  1:28  Assimilator  
  19  1:32  Pylon  
  20  1:36  Cybernetics Core  
  20  1:37  Probe (Chrono Boost)  
  21  2:04  Probe (Chrono Boost)  
  22  2:13  Twilight Council  
  23  2:16  Warp Gate (Chrono Boost)  
  23  2:19  Mothership Core (Chrono Boost)  
  24  2:31  Gateway  
  24  2:33  Gateway  
  24  2:36  Adept  
  26  2:52  Resonating Glaives (Chrono Boost)  
  26  2:53  Pylon  
  26  2:57  Probe  
  26  3:07  Stalker  
  26  3:09  Probe  
  29  3:27  Nexus  
  29  3:34  Stalker  
  31  3:43  Stalker  
  33  3:51  Stalker  
  35  4:00  Pylon  
  35  4:01  Probe  
  36  4:13  Probe  
  37  4:24  Pylon  
  37  4:26  Probe  
  37  4:28  Pylon  
  38  4:44  Adept  
  38  4:45  Adept x2  
  44  4:50  Probe  
  45  4:59  Probe  
  45  5:01  Pylon  
  45  5:05  Blink  
  46  5:12  Robotics Facility  
  46  5:14  Probe  
  47  5:17  Probe  
  48  5:27  Probe  
  48  5:29  Probe  
  48  5:33  Assimilator  
  50  5:35  Sentry  
  50  5:36  Sentry x2  
  50  5:41  Probe  
  50  5:42  Probe  
  58  5:51  Probe  
  59  6:00  Probe  
  60  6:05  Adept x2  
  60  6:06  Adept  
  66  6:16  Probe  
  66  6:17  Probe  
  68  6:22  Warp Prism  
  70  6:29  Adept x3  
  74  6:41  Probe  
  74  6:42  Probe  
  76  6:49  Pylon  
  76  6:52  Probe  
  77  6:58  Immortal  
  76  7:25  Adept x3  
  82  7:49  Assimilator  
  82  7:54  Probe  
  82  7:56  Probe  
  84  8:01  Forge, Gateway  
  84  8:02  Immortal (Chrono Boost)  
  88  8:10  Pylon  
  88  8:11  Stalker x3  
  94  8:23  Pylon  
  94  8:26  Probe  
  94  8:28  Probe  
  94  8:31  Pylon  
  96  8:36  Pylon  
  96  8:37  Observer (Chrono Boost), Probe, Stalker x2  
  102  8:45  Sentry  
  102  8:47  Probe  
  105  8:56  Nexus  
  105  9:11  Probe  
  105  9:12  Probe  
  105  9:15  Adept x3  
  113  9:18  Charge  
  113  9:24  Protoss Ground Weapons Level 1 (Chrono Boost)  
  113  9:33  Pylon  
  113  9:34  Assimilator  
  113  9:40  Assimilator  
  113  9:45  Pylon  
  113  9:49  Pylon  
  113  10:10  Immortal  
  117  10:17  Probe, Gateway  
  117  10:18  Probe  
  117  10:21  Gateway  
  119  10:23  Gateway  
  119  10:54  Probe  
  119  10:56  Probe  
  121  10:57  Adept x3  
  121  10:58  Adept  
  121  11:03  Gateway  
  129  11:05  Gateway  
  129  11:08  Gateway  
  129  11:09  Gateway  
  129  11:12  Photon Cannon  
  129  11:17  Photon Cannon  
  129  11:29  Photon Cannon  
  129  11:33  Photon Cannon  
  129  11:51  Photon Cannon  
  81  12:09  Adept x3  
  81  12:10  Adept  
Tags
 
Composition
MMM Bio
League
GoldGold
Matchup
PvT
Replay Pack
All Mines
Spawn Locations
Cross Positions
Add a new tag
Caveats
  • Supply blocks, unpowered buildings, or Contaminate may cause inaccurate times.
  • Supply counts are checked every 10 seconds.